 Dungeon Crawl Stone Soup version 0.31-a0-1074-g0b22e4e0f1 (webtiles) character file.

Game seed: 1835727202211585087

27264 strifetoe the Severer (level 13, -1/127 HPs)
             Began as a Hill Orc Monk on Dec 2, 2023.
             Was an Initiate of Gozag.
             Slain by Saint Roka
             ... wielding a +0 battleaxe
              (14 damage)
             ... on level 2 of the Orcish Mines.
             The game lasted 00:33:34 (16332 turns).

strifetoe the Severer (Hill Orc Monk)              Turns: 16332, Time: 00:33:34

Health: -1/127     AC: 16    Str: 19    XL:     13   Next: 31%
Magic:  15/15      EV: 12    Int: 10    God:    Gozag
Gold:   635        SH: 10    Dex: 13    Spells: 12/12 levels left

rFire   + . .        b - +1 war axe
rCold   . . .        p - +0 buckler
rNeg    + . .        J - +0 plate armour
rPois   +            (no helmet)
rElec   .            (no cloak)
rCorr   .            q - +0 pair of gloves
SInv    .            (no boots)
Will    +....        g - amulet "Tonloci" {Reflect rPois rN+ SH+5} Stlth
                     k - +5 ring of evasion
HPRegen 0.41/turn    H - ring of protection from fire
MPRegen 0.14/turn

%: reflection
@: mighty, enlightened, flying, hasted, very quick
A: no striking features
a: Renounce Religion, Convert to Beogh, Potion Petition, Call Merchant, Bribe
Branch


You were on level 2 of the Orcish Mines.
You worshipped Gozag.
Gozag was pleased with you.
You visited 3 branches of the dungeon, and saw 16 of its levels.
You also visited: Sewer.

You collected 2299 gold pieces.
You paid 1664 gold pieces to Gozag.

Inventory:

Hand Weapons
 a - a +1 hand axe of draining
 b - a +1 war axe (weapon)
 i - a +1 vampiric hand axe
 j - a +3 heavy battleaxe
 l - the +1 mace "Nuniq" {heavy, rC+}
   (You found it on level 3 of the Dungeon)

   rC+:       It protects you from cold.
 F - the +7 lajatang "Xuaqimoco" {flame, *Noise +Blink Dex+5}
   (You found it on level 7 of the Dungeon)

   Dex+5:     It affects your dexterity (+5).
   +Blink:    It lets you blink.
   *Noise:    It may make a loud noise when swung.
Missiles
 f - 3 throwing nets
Armour
 c - a +1 scale mail
 d - a +2 scale mail
 p - a +0 buckler (worn)
 q - a +0 pair of gloves (worn)
 J - a +0 plate armour (worn)
Jewellery
 g - the amulet "Tonloci" (around neck) {Reflect rPois rN+ SH+5}
   (You acquired it on level 3 of the Dungeon)

   [amulet of reflection]

   Reflect:   It reflects blocked missile attacks.
   rPois:     It protects you from poison rN+: It protects you from negative
   energy.
   SH+5:      It affects your SH (+5).
 k - a +5 ring of evasion (left hand)
 m - an amulet of regeneration
 r - a ring of flight
 H - a ring of protection from fire (right hand)
Wands
 A - a wand of paralysis (7)
 D - a wand of flame (29)
Scrolls
 e - 2 scrolls of poison
 h - 10 scrolls of teleportation
 n - 2 scrolls of identify
 y - 2 scrolls of enchant armour
 B - 3 scrolls of blinking
 I - a scroll of vulnerability
 K - a scroll of fog
Potions
 o - 2 potions of cancellation
 s - 4 potions of haste
 t - 3 potions of magic
 u - 2 potions of resistance
 v - 2 potions of mutation
 w - 3 potions of invisibility
 x - a potion of might
 C - a potion of enlightenment
 L - a potion of curing


   Skills:
 - Level 15.3 Fighting
 + Level 17.1 Axes
 - Level 12.0 Armour
 - Level 2.4 Dodging
 - Level 6.8 Shields
 - Level 3.2 Invocations


You had 12 spell levels left.
You didn't know any spells.
Your spell library contained the following spells:

 Spells                   Type           Power      Damage    Failure   Level
 Necrotise                Necr           0%         1d4       100%        1
 Blink                    Tloc           0%         N/A       100%        2
 Ensorcelled Hibernation  Hex/Ice        0%         N/A       100%        2
 Passwall                 Tmut/Erth      0%         N/A       100%        2
 Static Discharge         Conj/Air       0%         3-3/arc   100%        2
 Dazzling Flash           Conj/Hex       0%         N/A       100%        3
 Gell's Gravitas          Tloc           0%         N/A       100%        3
 Stone Arrow              Conj/Erth      0%         3d7       100%        3
 Summon Guardian Golem    Hex/Summ       0%         N/A       100%        3
 Swiftness                Air            0%         N/A       100%        3
 Teleport Other           Tloc           0%         N/A       100%        3
 Vampiric Draining        Necr           0%         2d6       100%        3
 Airstrike                Air            0%         2d(0-16)  100%        4
 Animate Armour           Summ/Erth      0%         N/A       100%        4
 Dispel Undead            Necr           0%         3d6       100%        4
 Leda's Liquefaction      Hex/Erth       0%         N/A       100%        4
 Manifold Assault         Tloc           0%         N/A       100%        4
 Summon Lightning Spire   Summ/Air       0%         N/A       100%        4
 Agony                    Necr           0%         N/A       100%        5
 Lee's Rapid Deconstruct  Erth           0%         3d4*      100%        5
 Silence                  Hex/Air        0%         N/A       100%        5
 Bombard                  Conj/Erth      0%         9d1       100%        6
 Death Channel            Necr           0%         N/A       100%        6
 Dispersal                Tloc           0%         N/A       100%        6
 Orb of Destruction       Conj           0%         9d5       100%        7
 Spellforged Servitor     Conj/Summ      0%         N/A       100%        7
 Borgnjor's Revivificati  Necr           0%         N/A       100%        8
 Lehudib's Crystal Spear  Conj/Erth      0%         10d2      100%        8


Dungeon Overview and Level Annotations

Branches:
Dungeon (13/15)            Temple (1/1) D:7            Lair (0/5) D:11
    Orc (2/2) D:12            Elf (0/3) Orc:2         Sewer (visited)
 Vaults: D:13-14

Altars:
Ashenzari
Cheibriados
Dithmenos
Elyvilon
Fedhas
Gozag
Hepliaklqana
Kikubaaqudgha
Makhleb
Nemelex Xobeh
Okawaru
Qazlal
Ru
Sif Muna
Trog
Uskayaw
Vehumet
Wu Jian
Xom
Yredelemnul
Zin
The Shining One

Shops:
D:4 *   D:5 (   D:11 (

Portals:
Trove: D:13 (give 3 potions of resistance)

Annotations:
D:7 1 runed translucent door
Orc:2 Saint Roka


Message History

Saint Roka is moderately wounded.
You slash Saint Roka!
Saint Roka is moderately wounded.
Saint Roka hits you with a +0 battleaxe!!
* * * LOW HITPOINT WARNING * * *
You hit Saint Roka but do no damage.
Saint Roka is moderately wounded.
You barely miss Saint Roka.
Saint Roka is moderately wounded.
Saint Roka hits you with a +0 battleaxe!
* * * LOW HITPOINT WARNING * * *
You barely miss Saint Roka.
Saint Roka is moderately wounded. [a] - 432 gold - heal wounds, curing and magic [b] - 360 gold - resistance and enlightenment [c] - 868 gold - heal wounds, curing, magic, haste and enlightenment Purchase which effect?
You no longer have enough gold to fund merchants seeking to open stores in the dungeon.
You feel much better.
You feel better. Magic courses through your body.
You feel as though your hastened speed will last longer.
You feel very buoyant.
You fly up into the air.
Saint Roka calls down the wrath of Beogh upon you.
Beogh smites you!
* * * LOW HITPOINT WARNING * * *
You slash Saint Roka!
Saint Roka is heavily wounded.
Saint Roka calls down the wrath of Beogh upon you.
Beogh smites you!
* * * LOW HITPOINT WARNING * * *
You slash Saint Roka!
Saint Roka shouts, "Surrender to Beogh and we'll let you live!"
Saint Roka is heavily wounded.
Unknown command.
You hit Saint Roka but do no damage.
Saint Roka is heavily wounded.
Saint Roka hits you with a +0 battleaxe!
You die...
Saint Roka roars, "Praise to Beogh!"
Your body crumbles into a pile of gold.

#.#....#..)....#
...............#
#.......[[.$...####
........$..........
........................
.#.......................
#..............#$........
...............o.........
...............@........#
#...........$[)...$....
#.##..........)$.........
.......<.......#.........
...$............#........
..........#..............
..#.....#.##..........#..
...........##..#.........
..#.......##...##.#...#.#


You could see Saint Roka.

Vanquished Creatures
  An orc warlord (D:12)
  5 orc knights
  A hydra (D:10)
  A centaur warrior (D:12)
  3 two-headed ogres
  Amaemon (D:10)
  Lodul (D:10)
  5 orc sorcerers
  2 ugly things (D:7)
  4 manticores
  Joseph (D:7)
  3 unseen horrors
  A gargoyle (D:12)
  3 trolls
  Grinder (Sewer)
  14 yaks
  4 steam dragons
  A basilisk (D:7)
  4 vampire mosquitoes
  6 wargs
  An acid dragon (D:12)
  Duvessa (D:7)
  A water moccasin (D:5)
  21 orc warriors
  2 ice beasts
  A black bear (D:3)
  6 ogres
  9 centaurs
  2 phantoms
  4 kobold brigands
  A gnoll sergeant (D:7)
  2 bullfrogs (D:7)
  5 scorpions
  3 wights
  Dowan (D:7)
  3 killer bees (D:9)
  3 howler monkeys
  2 jellies
  9 orc priests
  A gnoll bouda (D:5)
  4 hounds
  3 iguanas
  3 sleepcaps
  Jessica (D:2)
  13 orc wizards
  9 adders
  20 gnolls
  A river rat (D:4)
  4 shadow imps
  2 white imps
  3 ufetubi
  An adder zombie (Sewer)
  2 worms
  2 dart slugs
  38 orcs
  8 bats
  7 endoplasms
  6 giant cockroaches
  2 hobgoblins (D:2)
  8 jackals
  4 quokkas
  11 ball pythons
  A frilled lizard (D:2)
  A giant cockroach zombie (Sewer)
  4 goblins
  32 kobolds
  A kobold zombie (Sewer)
  5 rats
336 creatures vanquished.

Vanquished Creatures (collateral kills)
  A hydra (D:12)
  2 two-headed ogres (D:10)
  A boulder beetle (D:11)
  A fire crab (D:11)
  An arcanist (D:10)
  A cyclops (D:12)
  An orange demon (D:10)
  2 kobold demonologists
  A komodo dragon (D:7)
  3 trolls
  A shadow (D:10)
  A human (D:12)
  11 yaks
  A yak (shapeshifter) (D:12)
  2 steam dragons
  A vampire mosquito (D:12)
  A warg (D:12)
  An orc warrior (D:9)
  2 ice beasts
  3 black bears
  6 ogres (D:10)
  A sky beast (D:7)
  4 centaurs
  3 kobold brigands
  2 bullfrogs (D:7)
  A gnoll sergeant (D:10)
  A scorpion (D:7)
  4 wights
  6 killer bees (D:9)
  3 howler monkeys
  A hound (D:6)
  A jelly (D:6)
  4 orc priests
  A gnoll bouda (D:9)
  2 sleepcaps
  An iguana (D:6)
  3 orc wizards
  4 gnolls
  9 orcs
95 creatures vanquished.

Vanquished Creatures (others)
  8 orc priests
  An unseen horror (D:10)
  An orc warrior (D:10)
  2 howler monkeys
  3 orc wizards
  24 orcs
39 creatures vanquished.

Grand Total: 470 creatures vanquished

Notes
Turn   | Place    | Note
-------+----------+-------------------------------------------
     0 | D:1      | strifetoe the Hill Orc Monk began the quest for the Orb.
     0 | D:1      | Reached XP level 1. HP: 19/19 MP: 1/1
   914 | D:2      | Reached XP level 2. HP: 20/26 MP: 2/2
   924 | D:2      | Reached skill level 5 in Axes
   926 | D:2      | Reached XP level 3. HP: 16/31 MP: 3/3
  1013 | D:2      | Reached skill level 6 in Axes
  1076 | D:2      | Reached XP level 4. HP: 39/39 MP: 4/4
  1340 | D:2      | Became a worshipper of Beogh the Brigand
  1340 | D:2      | Reached * piety under Beogh
  1340 | D:2      | Reached ** piety under Beogh
  1350 | D:2      | Noticed Jessica
  1366 | D:2      | Killed Jessica
  1367 | D:2      | Reached skill level 7 in Axes
  1903 | D:3      | Identified a scroll of acquirement
  1903 | D:3      | Acquired the amulet "Tonloci" {Reflect rPois rN+ SH+5}
  1914 | D:3      | Found a hazy altar of Hepliaklqana.
  2020 | D:3      | Reached XP level 5. HP: 45/45 MP: 5/5
  2044 | D:3      | Identified the +1 mace "Nuniq" {heavy, rC+}
  2240 | D:3      | Reached skill level 1 in Invocations
  2609 | D:3      | Found a faded altar of an unknown god.
  2691 | D:4      | Noticed a black bear
  2710 | D:3      | Killed a black bear
  2711 | D:3      | Reached skill level 8 in Axes
  2711 | D:3      | Reached XP level 6. HP: 24/51 MP: 6/8
  2800 | D:4      | Reached skill level 9 in Axes
  2857 | D:4      | Found Datic's Assorted Antiques.
  2897 | D:4      | Found a glowing drain.
  2902 | D:4      | Reached XP level 7. HP: 45/57 MP: 9/9
  2910 | Sewer    | Entered a sewer
  3026 | Sewer    | Reached *** piety under Beogh
  3041 | Sewer    | Found an ancient bone altar of Kikubaaqudgha.
  3064 | Sewer    | Reached skill level 10 in Axes
  3085 | Sewer    | Noticed Grinder
  3098 | Sewer    | Killed Grinder
  3099 | Sewer    | Reached skill level 11 in Axes
  3263 | Sewer    | Reached XP level 8. HP: 52/64 MP: 10/10
  3884 | D:5      | Entered Level 5 of the Dungeon
  3936 | D:5      | Found Hebucrey's Weapon Emporium.
  3958 | D:5      | Reached skill level 12 in Axes
  4146 | D:5      | Reached skill level 13 in Axes
  4335 | D:5      | Reached skill level 14 in Axes
  4773 | D:5      | Reached XP level 9. HP: 67/70 MP: 11/11
  4775 | D:5      | Reached **** piety under Beogh
  5033 | D:6      | Reached skill level 1 in Armour
  5339 | D:6      | Gained Boderik as an ally
  5340 | D:6      | Reached skill level 5 in Fighting
  6297 | D:7      | Found a staircase to the Ecumenical Temple.
  6344 | D:7      | Found a white marble altar of Elyvilon.
  6344 | D:7      | Found a sparkling altar of Nemelex Xobeh.
  6599 | D:7      | Reached skill level 5 in Armour
  6643 | D:7      | Noticed Joseph
  6676 | D:7      | Killed Joseph
  6677 | D:7      | Reached XP level 10. HP: 50/88 MP: 12/12
  6881 | D:7      | Found a runed translucent door.
  6882 | D:7      | Noticed a two-headed ogre
  6882 | D:7      | Noticed a purple ugly thing
  6882 | D:7      | Noticed a manticore
  6884 | D:7      | Noticed a purple ugly thing
  6886 | D:7      | Killed a two-headed ogre
  6888 | D:7      | Reached ***** piety under Beogh
  6888 | D:7      | Killed a purple ugly thing
  6888 | D:7      | Noticed an unseen horror
  6895 | D:7      | Killed a purple ugly thing
  6895 | D:7      | Killed an unseen horror
  6910 | D:7      | Reached skill level 10 in Fighting
  6918 | D:7      | Killed a manticore
  7077 | D:7      | Identified the +7 lajatang "Xuaqimoco" {flame, *Noise
                  | +Blink Dex+5}
  7122 | D:7      | Noticed a manticore
  7123 | D:7      | Found a runed translucent door.
  7123 | D:7      | Found a runed translucent door.
  7221 | D:7      | Noticed Dowan
  7221 | D:7      | Noticed Duvessa
  7228 | D:7      | Killed Dowan
  7244 | D:7      | Killed Duvessa
  7713 | D:7      | Reached XP level 11. HP: 56/101 MP: 13/13
  7725 | D:7      | Killed a manticore
  8136 | D:8      | Reached skill level 10 in Armour
  8136 | D:8      | Reached skill level 1 in Shields
  8490 | D:8      | Found a hide-covered altar of Uskayaw.
  8723 | D:8      | Identified the +0 scale mail of Murphywoq {rC++ rN+}
  9395 | D:9      | Gained Murdo as an ally
  9590 | D:10     | Entered Level 10 of the Dungeon
  9748 | D:10     | Gained Geork as an ally
  9752 | D:10     | Reached skill level 5 in Shields
  9788 | D:10     | Noticed a seven-headed hydra
  9789 | D:10     | Noticed a two-headed ogre
  9793 | D:10     | Your ally Murdo died
  9795 | D:10     | Killed an eight-headed hydra
  9796 | D:10     | Found an opulent altar of Gozag.
  9798 | D:10     | Killed a two-headed ogre
  9799 | D:10     | Noticed an arcanist
  9799 | D:10     | Killed an arcanist
  9827 | D:10     | Reached XP level 12. HP: 37/110 MP: 4/14
  9858 | D:10     | HP: 3/110 [something (8)]
 10415 | D:10     | Noticed a two-headed ogre
 10423 | D:10     | Killed a two-headed ogre
 10428 | D:10     | Noticed Lodul
 10443 | D:10     | Killed Lodul
 10569 | D:10     | Noticed Amaemon
 10577 | D:10     | Killed Amaemon
 11006 | D:11     | Noticed a two-headed ogre
 11007 | D:11     | Noticed a boulder beetle
 11019 | D:11     | Killed a two-headed ogre
 11023 | D:11     | Killed a boulder beetle
 11416 | D:11     | Found Virofuro's Antique Weapon Emporium.
 11438 | D:11     | Found a staircase to the Lair.
 11810 | D:11     | Got the Folio of Skeletons
 11842 | D:12     | Found a staircase to the Orcish Mines.
 11862 | D:12     | Noticed a seven-headed hydra
 11869 | D:12     | Killed a seven-headed hydra
 11937 | D:12     | Gained Ognian as an ally
 12290 | D:12     | Your ally Ognian died
 12585 | D:12     | Noticed a two-headed ogre
 12592 | D:12     | Killed a two-headed ogre
 12689 | D:12     | Reached skill level 15 in Fighting
 12689 | D:12     | Noticed a centaur warrior
 12732 | D:12     | Killed a centaur warrior
 12830 | D:12     | Was placed under penance by Beogh
 12833 | D:12     | Killed Boderik the orc knight
 12999 | Temple   | Entered the Ecumenical Temple
 13014 | Temple   | Fell from the grace of Beogh
 13014 | Temple   | Became a worshipper of Gozag Ym Sagoz the Greedy
 13284 | D:13     | Found a portal to a secret trove of treasure.
 13365 | Orc:1    | Entered Level 1 of the Orcish Mines
 13390 | D:12     | Paralysed by an orc sorcerer for 4 turns
 13404 | D:12     | Noticed a soul eater
 13574 | D:12     | Reached skill level 15 in Axes
 13659 | Orc:1    | Noticed an orc warlord
 13701 | D:12     | Killed an orc warlord
 13702 | D:12     | Reached XP level 13. HP: 119/127 MP: 15/15
 14070 | D:12     | Reached skill level 16 in Axes
 15017 | Orc:2    | Entered Level 2 of the Orcish Mines
 15018 | Orc:2    | Paralysed by an orc sorcerer for 3 turns
 15023 | Orc:2    | Found a staircase to the Elven Halls.
 15119 | Orc:2    | Noticed Saint Roka
 15548 | Orc:1    | Reached skill level 17 in Axes
 16327 | Orc:2    | HP: 3/127 [Saint Roka/+0 battleaxe (15)]
 16332 | Orc:2    | Slain by Saint Roka

Illustrated notes

Levels and vault maps discovered:
D:1:      psy_arrival_terrarium, layout_loops_corners, minivault_14,
          minmay_misc_feat_secret_circle
D:2:      layout_loops_ring, uniq_jessica
D:3:      layout_loops_ring, nicolae_hepliaklqana_hazy_memory,
          shapermc_ecumenical_altar_petra
D:4:      layout_cave_pools, portal_sewer_entry_a, nicolae_inconvenience_store
D:5:      kennysheep_steamy, layout_loops_ring, serial_shops,
          nicolae_shop_bloodbath_and_beyond, moated_statue,
          kennysheep_another_room
D:6:      layout_layer_cave, grunt_decor_mini_mirrors
D:7:      minmay_the_grid_triangle_9x9_recursive_2
          [minmay_the_grid_triangle_9x9_prize_top_heavy,
          minmay_the_grid_triangle_9x9_from_above,
          minmay_the_grid_triangle_9x9_fully_insulated_deathbox,
          minmay_the_grid_triangle_9x9_cache], layout_loops_corners,
          gammafunk_temple_overflow_pools, minmay_temple_entry_drinking_statues,
          grunt_ministairs_7, uniq_duvessa, uniq_joseph
D:8:      layout_basic, nicolae_uskayaw_dance_studio
D:9:      layout_gridville, glass_columns_c
D:10:     layout_gridville, minmay_ruined_shrine, uniq_lodul, uniq_amaemon
D:11:     layout_roguey, minmay_lair_entry_lava, serial_shops, shop
D:12:     layout_irregular_city, erik_orc_4,
          nicolae_concentric_dashed_squares_mild, dreamdust_wishing_well
D:13:     layout_basic, enter_trove_2, kennysheep_okawaru_gauntlet
Temple:   regret_index_temple_chain_breaker
Orc:1:    layout_caves
Orc:2:    grunt_orc_cross, layout_caves

Skill      XL: |  1  2  3  4  5  6  7  8  9 10 11 12 13 |
---------------+----------------------------------------+-----
Axes           | 5 6 7 8 9 11 14 15 17 | 17.1
Invocations    | 3 |  3.2
Armour         | 6 9 11 12 | 12.0
Fighting       | 7 10 11 15 | 15.3
Shields        | 6 |  6.8
Dodging        | |  2.4

Action                     |  1- 3 |  4- 6 |  7- 9 | 10-12 | 13-15 || total
---------------------------+-------+-------+-------+-------+-------++-------
  Melee: Hand axe          |    49 |   144 |   387 |   622 |    70 ||  1272
         War axe           |       |       |       |       |   196 ||   196
 Invoke: Convert to Beogh  |       |     1 |       |       |       ||     1
         Smiting           |       |     3 |     1 |     9 |       ||    13
         Give Item to Name |       |       |       |     2 |       ||     2
         Potion Petition   |       |       |       |       |     2 ||     2
  Evoke: Wand              |       |       |       |    28 |     8 ||    36
    Use: Potion            |     1 |       |     1 |     5 |     2 ||     9
         Scroll            |       |     9 |     7 |    13 |       ||    29
   Stab: Distracted        |       |       |     1 |     2 |       ||     3
         Paralysed         |       |       |       |     1 |       ||     1
 Armour: Robe              |    28 |    10 |       |       |       ||    38
         Scale mail        |       |    88 |   165 |   274 |       ||   527
         Plate armour      |       |       |       |   205 |   162 ||   367
  Dodge: Dodged            |    50 |   114 |   210 |   355 |   110 ||   839
  Block: Buckler           |       |       |       |   185 |   152 ||   337
         Reflection        |       |       |       |    14 |    13 ||    27

Table legend: (Time is in decaauts)
 A = Elapsed time spent in this place.
 B = Non-inter-level travel time spent in this place.
 C = Inter-level travel time spent in this place.
 D = Time resting spent in this place.
 E = Time spent auto-exploring this place.
 F = Levels seen in this place.
 G = Mean time per level.
                   A        B        C        D        E       F      G
               +--------+--------+--------+--------+--------+-----+--------+
         Total |  15902 |  15140 |    762 |   3476 |   8337 |  17 |  935.4 |
       Dungeon |  13746 |  12985 |    761 |   2495 |   7817 |  13 | 1057.4 |
        Temple |     30 |     30 |      0 |      0 |      0 |   1 |   30.0 |
  Orcish Mines |   1624 |   1624 |      0 |    980 |    189 |   2 |  812.0 |
         Sewer |    501 |    501 |      0 |      0 |    331 |   1 |  501.0 |
               +--------+--------+--------+--------+--------+-----+--------+

Top non-repeatable levels by time:
    D:12: 2334 daAuts
     D:7: 1869 daAuts
   Orc:1: 1489 daAuts
    D:10: 1381 daAuts
     D:6: 1067 daAuts
     D:5: 1055 daAuts
     D:2: 986 daAuts
     D:1: 911 daAuts
     D:8: 902 daAuts
    D:11: 894 daAuts
     D:3: 882 daAuts
     D:9: 811 daAuts
     D:4: 581 daAuts
   Sewer: 501 daAuts
   Orc:2: 134 daAuts
